[Event "Charlotte IM-D May 2022"]
[Site "Charlotte"]
[Date "2022.05.08"]
[Round "8.1"]
[White "Rosenberg, Evan S"]
[Black "Marek, Matyas"]
[Result "0-1"]
[ECO "E90"]
[WhiteElo "2035"]
[BlackElo "2363"]
[Annotator "TA"]
[PlyCount "52"]
[EventDate "2022.05.04"]
[EventType "tourn"]
[EventCountry "USA"]
[SourceTitle "playchess.com"]
[Source "ChessBase"]
[SourceQuality "1"]
[TimeControl "5400+30"]

1. d4 Nf6 2. c4 g6 3. Nc3 Bg7 4. e4 d6 5. Nf3 O-O 6. h3 e5 7. dxe5 dxe5 8. Qxd8 Rxd8 9. Bg5 Na6 10. Nd5 Rd6 {[%emt 0:00:00] E90: King's Indian: Classical: Early deviations and 6 h3.} 11. Bxf6 Bxf6 12. b4 c6 {[%emt 0:00:00] The position is equal.} 13. c5 $2 Rxd5 $19 14. exd5 {[%emt 0:00:07] [#]} e4 $1 ({Weaker is} 14... Nxb4 15. Rb1 Nxd5 16. Bc4 $15) 15. O-O-O exf3 ({Inferior is} 15... Nxb4 16. d6 $17) 16. Bxa6 bxa6 {[%emt 0:00:00] [#]} 17. Rhe1 $146 ({Predecessor:} 17. dxc6 fxg2 18. Rh2 Bf5 19. Rxg2 Rc8 20. Rd6 Be7 21. Rd4 Rxc6 22. f3 a5 23. a3 axb4 24. axb4 {0-1 (36) Rosenberg,E (2035)-Martin Carmona,G (2329) Chess.com INT 2022}) 17... Bd7 {[%emt 0:00:00] Inhibits Re8+.} 18. g4 cxd5 19. Rxd5 Bb5 20. a3 Bh4 21. Red1 (21. Re3 $142) 21... Bxf2 22. Rd6 $2 {[%emt 0:15:54] [#]} (22. R5d3) 22... Be3+ {[%emt 0:00:00] Black is clearly winning.} 23. Kc2 f2 24. c6 f1=Q 25. Rxf1 Bxf1 26. c7 Bb6 {[%emt 0:00:00] White did not feel at home in the position after the opening.  Weighted Error Value: White=1.05/Black=0.22 (precise)} 0-1

[Event "Charlotte IM-D May 2022"]
[Site "Charlotte"]
[Date "2022.05.08"]
[Round "8.2"]
[White "Rodriguez Rivera, Pedro"]
[Black "Woodward, Andy"]
[Result "1/2-1/2"]
[ECO "D00"]
[WhiteElo "2197"]
[BlackElo "2354"]
[Annotator "TA"]
[PlyCount "136"]
[EventDate "2022.05.04"]
[EventType "tourn"]
[EventCountry "USA"]
[SourceTitle "playchess.com"]
[Source "ChessBase"]
[SourceQuality "1"]
[TimeControl "5400+30"]

1. d4 Nf6 2. Nf3 g6 3. Nc3 d5 4. Bf4 Bg7 5. Qd2 Ne4 6. Nxe4 dxe4 7. Ne5 f6 {[%emt 0:01:20] D00: 1 d4 d5: Unusual lines.} (7... c5 $11) 8. Nc4 $14 Be6 9. e3 Qd7 {[%emt 0:14:42] [#] White is slightly better.} 10. Na3 $146 {[%emt 0:06:10] White is more active.} ({Predecessor:} 10. Be2 Nc6 11. Na3 Bf7 12. Nb5 e5 13. dxe5 Qxd2+ 14. Kxd2 O-O-O+ 15. Kc1 fxe5 16. Bg5 {½-½ (27) Zelba,M (2066)-Schmitt,R (1907) Bad Homburg 2011}) 10... O-O 11. h4 Rd8 12. c3 (12. O-O-O $14) 12... Bf7 13. Qc2 f5 14. h5 c5 15. hxg6 hxg6 16. Bc4 Bxc4 17. Nxc4 Qe6 18. Qb3 Nc6 19. Na5 Qxb3 $11 20. axb3 Nxa5 21. Rxa5 b6 22. Ra6 Rd7 (22... Bf6 $11 {remains equal.}) 23. dxc5 $16 bxc5 24. Rxg6 {[%emt 0:00:17] Strongly threatening Be5.} Rad8 {[%emt 0:00:23] ( -> ...Rd1+)} 25. O-O Kf7 {[%emt 0:00:34] [#]} 26. Rc6 e5 27. Bg3 Rb8 28. Rxc5 ({White should play} 28. f3 $16) 28... Rxb3 $14 29. Bxe5 Bxe5 30. Rxe5 $16 {[%emt 0:00:01][%mdl 4096] Endgame KRR-KRR} Kf6 31. Ra5 Rxb2 32. Ra6+ Rb6 33. Rxb6+ axb6 $14 {[%emt 0:00:00] KR-KR} 34. Rb1 Rd6 35. Rb5 Kg5 36. f3 exf3 37. gxf3 {[%emt 0:00:02] Threatens to win with e4.} Rd3 38. Kf2 Rxc3 39. Rxb6 f4 $2 (39... Rc2+ $11 40. Ke1 Ra2) 40. Rb5+ $18 Kh4 {[%emt 0:00:00] [#]} 41. exf4 $2 (41. Rb4 $1 $18 Rc2+ 42. Ke1) 41... Ra3 $11 {[%emt 0:00:00] The position is equal.} 42. Rg5 Rb3 43. Rg8 Kh5 44. Kg3 Rb5 45. Kf2 Rb3 46. Rg5+ Kh6 47. Kg3 Rb1 48. Kg4 Rb4 49. Ra5 Kg6 50. Ra6+ Kf7 51. Kg5 Rb3 52. Ra7+ Kg8 53. f5 {[%emt 0:00:39] Black must now prevent Kg6.} Rxf3 54. Kg6 Rg3+ 55. Kf6 Rf3 56. Ra8+ Kh7 57. Ke6 {[%emt 0:00:14] Hoping for f6.} Kg7 {[%emt 0:00:00] Inhibits f6+.} 58. Ra7+ Kg8 59. Kf6 Rf2 60. Ra8+ Kh7 61. Re8 Rf1 62. Re5 Kg8 63. Rd5 Rf2 64. Rd8+ Kh7 65. Re8 Rf3 66. Re5 Kg8 67. Ke7 {[%emt 0:00:02] aiming for f6.} Kg7 {[%emt 0:00:00] Prevents f6+.} 68. Ke6 Ra3 {[%emt 0:00:00] Weighted Error Value: White=0.18 (very precise) /Black=0.10 (very precise)} 1/2-1/2

[Event "Charlotte IM-D May 2022"]
[Site "Charlotte"]
[Date "2022.05.08"]
[Round "8.3"]
[White "Wang, Eigen"]
[Black "Nakada, Akira"]
[Result "1-0"]
[ECO "B10"]
[WhiteElo "2269"]
[BlackElo "2324"]
[Annotator "TA"]
[PlyCount "95"]
[EventDate "2022.05.04"]
[EventType "tourn"]
[EventCountry "USA"]
[SourceTitle "playchess.com"]
[Source "ChessBase"]
[SourceQuality "1"]
[TimeControl "5400+30"]

1. e4 c6 2. Nf3 d5 3. exd5 cxd5 4. Ne5 Nc6 5. d4 e6 6. Bb5 {[%emt 0:00:52] B10: Caro-Kann: 2 d3 and 2 c4.} Bd7 7. Bxc6 Bxc6 8. O-O {[%emt 0:00:24] The position is equal.} Nf6 9. c3 Be7 10. Bg5 Rc8 11. Nd2 O-O 12. Re1 a5 13. Nf1 b5 {[%emt 0:05:00] [#]} 14. Rc1 $146 ({Predecessor:} 14. a3 Ne4 15. Bxe7 Qxe7 16. Nd2 Nd6 17. Qf3 Qc7 18. Nd3 Nc4 19. Nb3 Rfe8 20. Qg3 Qxg3 21. hxg3 {1-0 (47) Hernandez,E (2261)-Prieto Aranguren,A (2261) San Sebastian 2018}) 14... Bb7 15. Qf3 Ne4 16. Bxe7 Qxe7 17. Qf4 Ba6 18. Ng3 Nxg3 19. hxg3 b4 20. cxb4 Qxb4 21. Nd7 Rfe8 22. Nc5 Qb6 23. b3 f6 24. Qg4 {[%emt 0:08:24] White is more active.} Qd6 25. f4 ({But not} 25. Nxe6 $2 {[#]} Rxe6 $1 26. Rxe6 Rxc1+ $19) 25... Re7 26. Kh2 Rce8 27. Qf3 Bc8 $1 28. Red1 Kh8 29. Qc3 e5 30. Nd3 {[%emt 0:05:11] [#] Threatens to win with Qxc8.} Bg4 {[%emt 0:00:18] Hoping for ...exf4.} 31. Re1 ({Better is} 31. fxe5 $14 fxe5 32. Re1) 31... e4 32. Nf2 $36 {[%emt 0:01:27][%mdl 2048] White is more active.} f5 (32... Be6 $11 {keeps the balance.}) 33. Qxa5 $16 {[%emt 0:00:34] White stays focused until the end.} g5 34. fxg5 h6 35. Qc5 Qg6 (35... Qe6 $16) 36. Nxg4 fxg4 (36... Qh5+ {was called for.} 37. Kg1 Qxg4) 37. Qxd5 $18 hxg5 38. Kg1 e3 39. Rc6 Qg7 (39... Re6 {was worth a try.} 40. Rxe6 Rxe6) 40. Qf5 Qxd4 41. Rh6+ Kg8 42. Qxg5+ Rg7 43. Qh5 ({Don't do} 43. Rh8+ Kxh8 44. Qh5+ Rh7 45. Qxe8+ Kg7 46. Qxe3 Qxe3+ 47. Rxe3 Kh6 $18) 43... Rf7 (43... e2+ $142 44. Kh2 Rf7 45. Rg6+ Kf8 46. Rxg4 Rh7 47. Rxd4 Rxh5+ 48. Rh4 Rhe5 49. Rh8+ Kf7 50. Rxe8 Rxe8) 44. Rg6+ Kf8 45. Qh6+ (45. Rxg4 $142 Qf6 46. Rg6) 45... Rg7 46. Qh8+ {[%emt 0:00:38] White mates.} Kf7 47. Rxg7+ Qxg7 48. Rf1+ {[%emt 0:00:12] Weighted Error Value: White=0.10 (very precise) /Black=0.37} 1-0

[Event "Charlotte IM-D May 2022"]
[Site "Charlotte"]
[Date "2022.05.08"]
[Round "8.4"]
[White "Chen, Ryo"]
[Black "Matros, Alexander"]
[Result "0-1"]
[ECO "B45"]
[WhiteElo "2265"]
[BlackElo "2339"]
[Annotator "TA"]
[PlyCount "84"]
[EventDate "2022.05.04"]
[EventType "tourn"]
[EventCountry "USA"]
[SourceTitle "playchess.com"]
[Source "ChessBase"]
[SourceQuality "1"]
[TimeControl "5400+30"]

1. e4 c5 2. Nf3 Nc6 3. d4 cxd4 4. Nxd4 Nf6 5. Nc3 e6 6. Nxc6 bxc6 7. e5 Nd5 8. Ne4 Qc7 9. f4 $1 Rb8 {[%emt 0:09:42] B45: Sicilian Four Knights.} 10. c4 $1 Bb4+ 11. Ke2 $1 ({But not} 11. Kf2 f5 $1 12. exf6 (12. cxd5 fxe4 13. d6 Qa5 $11) 12... Nxf6 13. Nxf6+ gxf6 $11) 11... O-O $1 {[%emt 0:14:21][%cal Of7f6] White is slightly better.} 12. cxd5 cxd5 {[%emt 0:04:00] [#]} 13. Nf2 (13. a3 $1 $16) 13... f6 $11 14. exf6 Rxf6 15. Nd3 {[%emt 0:23:45] [#]} d6 $146 ({Black should play} 15... Ba5 $11) ({Predecessor:} 15... Ba6 16. Kf2 Bxd3 17. Bxd3 Rxf4+ 18. Bxf4 Qxf4+ 19. Qf3 Qd2+ 20. Be2 Rf8 21. Rhc1 Rxf3+ 22. gxf3 Bc5+ 23. Rxc5 Qd4+ {0-1 (23) Fiedorek,M (2333)-Koziol,K (2289) Ustron 2019}) 16. g3 (16. Be3 $14) 16... e5 $1 $15 {[%emt 1:01:53][%cal Be6e5,Be5e4][%mdl 1056] aiming for ...Bg4+. Black has compensation.} 17. Bg2 $2 {[%emt 0:06:44][%mdl 8192] [#] Loses the game.} ({White should try} 17. h3 $15) 17... e4 $1 $19 {[%emt 0:00:00] Hoping for ...Bg4+.} 18. Kf2 Qb6+ 19. Be3 d4 20. Bxe4 dxe3+ 21. Kg2 Qd4 {[%emt 0:00:00] Chess con chili.} 22. Bf3 Bd2 23. Nc1 Qxb2 24. Ne2 {[%emt 0:00:24] [#]} Bf5 {[%emt 0:00:00] Inhibits Rb1.} 25. Qa4 a5 26. Qc4+ Kh8 27. g4 {[%emt 0:00:31] [#]} Qc2 28. Qd4 (28. Qxc2 Bxc2) 28... Bd3 29. g5 (29. a3 $142) 29... Rff8 30. Kg3 {[%emt 0:01:06] Black is clearly winning.} Bxe2 31. Bxe2 Bc3 32. Qc4 Rbc8 33. Rac1 {[%emt 0:00:32] [#]} Be1+ $1 34. Rhxe1 Rxc4 35. Rxc2 Rxc2 {[%emt 0:00:00][%mdl 4096] Endgame KRR-KRB} 36. Bd3 Rxa2 37. Rxe3 g6 38. h4 Ra4 39. h5 gxh5 40. Re7 Raxf4 41. Rxh7+ Kg8 42. Bc2 Rg4+ {[%emt 0:00:00] Weighted Error Value: White=0.69/Black=0.14 (very precise)} 0-1

[Event "Charlotte IM-D May 2022"]
[Site "Charlotte"]
[Date "2022.05.08"]
[Round "8.5"]
[White "Kanli, Alperen"]
[Black "Zaloznyy, Mike"]
[Result "1/2-1/2"]
[ECO "A50"]
[WhiteElo "2173"]
[BlackElo "2125"]
[Annotator "TA"]
[PlyCount "49"]
[EventDate "2022.05.04"]
[EventType "tourn"]
[EventCountry "USA"]
[SourceTitle "playchess.com"]
[Source "ChessBase"]
[SourceQuality "1"]
[TimeControl "5400+30"]

1. d4 Nf6 2. c4 b6 3. Nc3 Bb7 4. Qc2 d5 5. Bg5 e6 (5... dxc4 $5 6. Nf3 a6 $11) 6. cxd5 {[%emt 0:00:06] A50: Queen's Fianchetto Defence (1 d4 Nf6 2 c4 b6).} exd5 7. e3 Be7 8. Bd3 {[%emt 0:00:17] White is slightly better.} h6 9. Bh4 O-O 10. Nge2 c5 11. O-O Nc6 12. a3 {[%emt 0:02:55] Against Nb4} c4 13. Bf5 {[%emt 0:00:23] [#]} Bc8 $146 ({Predecessor:} 13... a6 14. f3 Re8 15. Rad1 b5 16. Bf2 b4 17. axb4 Nxb4 18. Qd2 Bf8 19. h3 Bc8 20. Bxc8 Qxc8 {1-0 (40) Azali,T (2110)-Fatima,S (1352) Tornelo INT 2021}) 14. Bxc8 Rxc8 15. Qf5 {[%emt 0:02:47] Bxf6 is the strong threat.} Qd7 $1 16. Qxd7 Nxd7 17. Bg3 Nf6 18. Be5 Nxe5 19. dxe5 Ng4 20. Nxd5 {[%emt 0:01:15] Pair of Knights!} Bc5 21. e6 (21. Rfd1 $11) 21... fxe6 $15 {[%emt 0:00:00] Black is slightly better.} 22. Ndc3 {[%emt 0:04:29] [#]} Nxf2 $1 23. Rxf2 {[%emt 0:01:14] Hoping for Nd4.} Bxe3 {[%emt 0:00:00][%mdl 64] Pin} 24. Nd1 Bc5 {[%emt 0:00:00][%mdl 1088] Threatens to win with ...Rcd8. Pin. Black has compensation.} 25. Nec3 $1 {[%emt 0:08:30] Weighted Error Value: White=0.08 (flawless) /Black=0.06 (flawless)} 1/2-1/2

[Event "Charlotte IM-D May 2022"]
[Site "Charlotte"]
[Date "2022.05.09"]
[Round "9.1"]
[White "Zaloznyy, Mike"]
[Black "Rosenberg, Evan S"]
[Result "1/2-1/2"]
[ECO "A47"]
[WhiteElo "2125"]
[BlackElo "2035"]
[Annotator "TA"]
[PlyCount "128"]
[EventDate "2022.05.04"]
[EventType "tourn"]
[EventCountry "USA"]
[SourceTitle "playchess.com"]
[Source "ChessBase"]
[SourceQuality "1"]
[TimeControl "5400+30"]

1. d4 Nf6 2. Bf4 b6 3. e3 Bb7 4. Nf3 Nh5 5. Bg5 h6 6. Bh4 {[%emt 0:00:00] A47: 1 d4 Nf6 2 Nf3 b6: Torre, London and Colle Systems.} g5 7. Nfd2 {[%emt 0:01:00] [#]} Nf6 (7... Nf4 $1 $11) 8. Bg3 $14 {[%emt 0:00:30] White is slightly better.} d6 {[%emt 0:01:00] [#]} 9. h4 $146 ({Predecessor:} 9. c4 Nbd7 10. Nc3 e6 11. e4 Bg7 12. h4 Qe7 13. Be2 O-O-O 14. a4 a5 15. O-O {0-1 (66) Subelj,J (2468)-Lodici,L (2537) Chess.com INT 2022}) 9... Bg7 10. c4 c5 (10... e6 $11 {keeps the balance.}) 11. Nc3 cxd4 12. exd4 a6 13. Qe2 ({White should play} 13. hxg5 $16 hxg5 14. Rxh8+ Bxh8 15. Qe2) 13... Nc6 (13... g4 $1 $11) 14. hxg5 $16 hxg5 15. Rxh8+ Bxh8 16. Qe3 {[%emt 0:00:30] White is more active.} b5 17. O-O-O (17. Qxg5 Nxd4 18. Qh4 Nc2+ 19. Kd1 Nxa1 $11) 17... Qa5 $2 (17... Kf8 $14) 18. Bxd6 $18 (18. cxb5 $6 axb5 19. Bxd6 (19. Bxb5 Kf8 $16) 19... b4 $18) 18... b4 {[%emt 0:00:00] [#]} 19. d5 $1 Ng4 20. Qxg5 (20. Qh3 Bxc3 21. dxc6 (21. Qxg4 $2 Qxa2 22. Kc2 Bc8 $19) (21. bxc3 exd6 22. dxc6 Bxc6 $11) 21... Bxc6 22. bxc3 (22. Qxg4 $2 Qxa2 23. Kc2 Rd8 $19) 22... exd6 23. cxb4 (23. Qxg4 Qa3+ 24. Kc2 Ba4+ 25. Nb3 Qxa2+ 26. Kd3 Qxb3 $15) 23... Qxb4 $11) (20. Qe2 $18 bxc3 21. dxc6 cxb2+ 22. Kc2 Qc3+ 23. Kb1) 20... bxc3 $11 21. Qg8+ Kd7 22. Qxg4+ Kxd6 23. dxc6 {[%emt 0:00:00] Threatening mate with Qd7+. The board is on fire.} (23. Ne4+ Kc7 24. dxc6 cxb2+ 25. Kb1 Bxc6 26. Qg3+ Qe5 27. Qxe5+ Bxe5 $17) 23... cxd2+ (23... cxb2+ $2 24. Kb1 Kxc6 25. Nb3 $18) 24. Rxd2+ Kxc6 {[%emt 0:00:00] aiming for ...Bf6.} 25. Qd7+ (25. c5 $1 $15 Rd8 26. Qe4+ Kc7 27. Qxe7+ Kc8 28. Rxd8+ Qxd8 29. Qxf7) 25... Kb6 $17 26. Qxe7 Rc8 (26... Qxa2 {gets mated.} 27. Qb4+ Ka7 28. Qc5+ Kb8 29. Rd8+) (26... Qe5 $1 $17 27. Qxe5 Bxe5) 27. Rd7 $11 Bc6 28. Rd8 Be4 $1 {[%emt 0:03:00] Threatens to win with ...Qe1+. This bishop pair is nice.} 29. Qd6+ Ka7 (29... Rc6 $2 30. Qb8+ Kc5 31. Qa7+ Kb4 32. Qe7+ Qc5 33. Rb8+ Ka4 34. Qxe4 $18) 30. Qe7+ Rc7 (30... Kb6 $11 {remains equal.} 31. Rd6+ Bc6) 31. Qxe4 $40 {[%emt 0:00:00][%mdl 128] White attacks with force.} Bxb2+ 32. Kd1 {[%emt 0:00:49] White wants to mate with Ra8+.} (32. Kxb2 Rb7+ 33. Kc1 (33. Qxb7+ Kxb7 34. Rd5 Qb6+ 35. Ka3 Qxf2 $17) 33... Qxd8 34. Qe3+ Qb6 $17) 32... Qa4+ 33. Ke2 {[%emt 0:07:41] Intending Qa8+ and mate.} Qxc4+ 34. Qxc4 (34. Kf3 {looks sharper.} Qc3+ 35. Qe3+ Kb7 36. Rd6) 34... Rxc4 {[%emt 0:00:00][%mdl 4096] Endgame KRB-KRB} 35. Rd7+ Kb6 36. Rxf7 Rc1 (36... Ra4 $16) 37. Rf3 {[%emt 0:00:00] Rb3+ is the strong threat.} Bc3 (37... Bg7 $16 38. Rf7 Bd4) 38. g4 $18 Ba5 (38... Rc2+ $142 39. Kd1 Rd2+ 40. Kc1 Rxa2) 39. Rb3+ Kc5 40. f4 Re1+ 41. Kf2 Ra1 42. Bxa6 {[%emt 0:00:00] Hoping for Rb5+.} Rxa2+ 43. Kf3 Bd2 44. Bd3 Ra4 (44... Ra7 $142 45. Rb2 Bc3) 45. Be4 Ra1 46. Bd3 {[%emt 0:01:29] Inhibits Rf1+.} (46. Rd3 $18 Rf1+ 47. Kg2 Rxf4 48. Kg3 $1 (48. Rxd2 Rxg4+ 49. Kf3 Rh4 $14)) 46... Kd4 $2 (46... Ra4 $11 {and Black has nothing to worry.}) 47. f5 $2 (47. g5 $18 {has better winning chances.}) 47... Rh1 $2 (47... Bg5 $16 48. Be2 Ra2 49. Rb4+ Kc5 50. Rb5+ Kd4 51. Rb4+ Kc5 52. Rb5+ Kd4) 48. Kg2 $2 (48. f6 $18 {is the precise move to win.}) 48... Rh4 (48... Rh6 $16 49. Bb1 Ke5) 49. Be2 $1 {[%emt 0:00:11] Strongly threatening Rd3+.} Bf4 (49... Bg5 $142 50. Rb4+ Ke5) 50. Rb7 $2 (50. f6 $18 {is more deadly.}) 50... Rh2+ $2 (50... Be5 $16) 51. Kf3 Bg5 {[%emt 0:00:00] [#]} 52. Bb5 $2 (52. Rg7 $1 $18 Bf6 53. Ra7) 52... Ke5 {[%emt 0:00:00] [#]} (52... Rh3+ $14 53. Kg2 Rb3) 53. Rb6 (53. Bf1 $1 $16) 53... Rh3+ $11 54. Kg2 Rb3 55. Re6+ Kf4 56. Be2 Re3 57. Kf2 Rxe6 {[%emt 0:00:00] The position is equal.} 58. fxe6 {[%emt 0:00:30] KB-KB} Be7 59. Kg2 Ke5 60. Kh3 Kf4 61. Bd3 Ke3 62. Bf5 Kf4 63. Kg2 Bc5 64. Kf1 $1 Be7 {[%emt 0:00:00] Black defended with fortune.  Weighted Error Value: White=0.43/Black=0.50} 1/2-1/2

[Event "Charlotte IM-D May 2022"]
[Site "Charlotte"]
[Date "2022.05.09"]
[Round "9.2"]
[White "Matros, Alexander"]
[Black "Kanli, Alperen"]
[Result "1/2-1/2"]
[ECO "D26"]
[WhiteElo "2339"]
[BlackElo "2173"]
[Annotator "TA"]
[PlyCount "43"]
[EventDate "2022.05.04"]
[EventType "tourn"]
[EventCountry "USA"]
[SourceTitle "playchess.com"]
[Source "ChessBase"]
[SourceQuality "1"]
[TimeControl "5400+30"]

1. d4 d5 2. c4 dxc4 3. Nf3 Nf6 4. e3 e6 5. Bxc4 a6 6. O-O b5 7. Bd3 {[%emt 0:00:30] 7.Be2 is the hot move.} Bb7 8. Qe2 {[%emt 0:00:35] D26: Queen's Gambit Accepted: 4 e3 e6 5 Bxc5 c5 sidelines.} Nbd7 9. a4 b4 10. e4 Be7 11. Nbd2 c5 12. e5 Nd5 13. Nb3 cxd4 14. Nfxd4 Qb8 15. Re1 O-O {[%emt 0:05:10] [#]  Weighted Error Value: White=0.06 (flawless) /Black=0.02 (flawless)} {Predecessor:} 16. h4 $146 Nc5 17. Bb1 Qc7 18. h5 Rac8 19. Nxc5 Bxc5 20. Qd3 g6 21. Nb3 Bb6 22. a5 {½-½ (34) Bleker,F (2404)-Anokhin,Y (2380) ICCF email 2014} 1/2-1/2

[Event "Charlotte IM-D May 2022"]
[Site "Charlotte"]
[Date "2022.05.09"]
[Round "9.3"]
[White "Nakada, Akira"]
[Black "Chen, Ryo"]
[Result "1/2-1/2"]
[ECO "E71"]
[WhiteElo "2324"]
[BlackElo "2265"]
[Annotator "TA"]
[PlyCount "90"]
[EventDate "2022.05.04"]
[EventType "tourn"]
[EventCountry "USA"]
[SourceTitle "playchess.com"]
[Source "ChessBase"]
[SourceQuality "1"]
[TimeControl "5400+30"]

1. c4 Nf6 2. Nc3 g6 3. e4 d6 4. d4 Bg7 5. h3 Nbd7 6. Be3 {[%emt 0:00:16] E71: King's Indian: 4 e4 d6 5 h3.} e5 7. d5 Nc5 8. f3 {[%emt 0:00:34] White is slightly better.} Nh5 9. Nge2 {[%emt 0:01:23] Prevents Ng3.} f5 {[%emt 0:00:00] [#]} 10. Qd2 (10. exf5 $1 $16 gxf5 11. g4) 10... fxe4 $11 11. fxe4 {[%emt 0:00:28] [#]} ({Much worse is} 11. Bxc5 exf3 12. Bf2 fxe2 13. Bxe2 Nf4 $17) 11... O-O $146 {[%emt 0:00:00] White must now prevent ...Qh4+.} ({Predecessor:} 11... Qh4+ 12. g3 Nxg3 13. Bg5 Nxf1+ 14. Bxh4 Nxd2 15. Kxd2 O-O 16. b4 Na6 17. a3 Rf3 {0-1 (41) Nowak,L (2267)-Valenta,V (2147) Ruzomberok 2019}) 12. g3 {[%emt 0:11:30] Against Qh4} a5 13. O-O-O Bd7 14. Kb1 Na4 15. Rg1 Qc8 (15... Nb6 $11) 16. Nxa4 $1 $14 Bxa4 17. Rc1 Bd7 18. g4 Nf4 19. Nxf4 exf4 20. Bxf4 Qe8 21. Bd3 (21. Bg2 $5 ) 21... a4 22. a3 b5 $1 {[%emt 0:00:00] The position is equal.} 23. cxb5 (23. e5 {looks sharper.} dxe5 24. Bh6 Bxh6 25. Qxh6 b4 26. axb4 a3 27. Qd2) 23... Bxb5 24. Bxb5 Qxb5 25. Rxc7 Bxb2 $1 26. Qxb2 {[%emt 0:00:05] Chess con chili.} Qxb2+ 27. Kxb2 Rxf4 $11 {[%emt 0:00:04][%mdl 4096] Endgame KRR-KRR} 28. Rc4 Rf2+ 29. Kc3 Rf3+ 30. Kd4 Rxa3 31. Rgc1 Rxh3 32. Rc8+ Rxc8 33. Rxc8+ {[%emt 0:00:02] KR-KR} Kf7 34. e5 dxe5+ 35. Kxe5 Re3+ 36. Kd6 a3 37. g5 a2 38. Ra8 Re2 39. Ra3 Ke8 40. Ra7 Kf8 41. Ra8+ Kf7 42. Kd7 Re7+ 43. Kc6 Re2 44. Ra7+ Ke8 45. Ra8+ Ke7 {[%emt 0:00:12] Weighted Error Value: White=0.06 (flawless) /Black=0.07 (flawless)} 1/2-1/2

[Event "Charlotte IM-D May 2022"]
[Site "Charlotte"]
[Date "2022.05.08"]
[Round "9.4"]
[White "Woodward, Andy"]
[Black "Wang, Eigen"]
[Result "1-0"]
[ECO "E66"]
[WhiteElo "2354"]
[BlackElo "2269"]
[Annotator "TA"]
[PlyCount "97"]
[EventDate "2022.05.04"]
[EventType "tourn"]
[EventCountry "USA"]
[SourceTitle "playchess.com"]
[Source "ChessBase"]
[SourceQuality "1"]
[TimeControl "5400+30"]

1. d4 Nf6 2. c4 g6 3. g3 Bg7 4. Bg2 O-O 5. Nc3 d6 6. Nf3 c5 7. O-O Nc6 8. d5 Na5 9. Nd2 e6 10. Rb1 Re8 {[%emt 0:00:59] E66: King's Indian: Fianchetto: 6...c5 7 0-0 Nc6 8 d5.} 11. b3 exd5 12. cxd5 Bf5 {[%emt 0:00:48] The position is equal.} 13. e4 Bd7 {[%emt 0:00:07] [#]} 14. b4 $146 ({Predecessor:} 14. Qc2 b5 15. Bb2 b4 16. Nd1 Bb5 17. Nc4 Nxc4 18. bxc4 Bd7 19. f4 a5 20. Nf2 {½-½ (40) Fischer,W (2449)-Packroff,H (2251) ICCF email 2016}) 14... cxb4 15. Rxb4 Ng4 16. Bb2 Qc7 17. Qa1 Ne5 18. Ne2 Qc2 (18... Bh6 $5 19. Nf4 Rac8 $11) 19. Bc3 Qd3 20. Nd4 Rac8 21. Rc1 Rxc3 22. Qxc3 $16 {[%emt 0:03:18] Bf1 is the strong threat. Black is now going downhill.} Rc8 23. Qxd3 Rxc1+ {[%emt 0:00:17] [#]} (23... Nxd3 $16 24. Rxc8+ Bxc8) 24. Qf1 $1 $18 Nd3 25. Rb1 Rxf1+ 26. Bxf1 {[%emt 0:00:02] Hoping for Nc6.} Nxf2 $2 {[%emt 0:01:24] [#]} (26... Nc5) 27. Nc6 $1 bxc6 (27... Nxe4 28. Nxe4) 28. Rb8+ ({Less strong is} 28. Kxf2 Bd4+ 29. Kf3 Bb6 $16) 28... Bf8 29. Kxf2 Kg7 30. Ra8 Nb7 31. Rxa7 Nc5 {[%emt 0:00:06] [#]} 32. Rxd7 $1 Nxd7 33. dxc6 {[%emt 0:00:05][%mdl 4096] Endgame KBN-KBN} Nb6 34. c7 {[%emt 0:00:06] And now Ba6 would win.} d5 35. Ba6 {[%emt 1:05:00] Black must now prevent exd5.} ({Weaker is} 35. exd5 Bd6 $16) 35... Bb4 $2 (35... Bd6 36. c8=Q Nxc8 37. Bxc8 dxe4 38. Nxe4 Bb4) 36. Ke2 {[%emt 0:00:00] Strongly threatening exd5.} Bd6 37. c8=Q Nxc8 38. Bxc8 dxe4 39. Nxe4 Bc7 (39... Ba3 $142 40. Nd2 Kf6) 40. a4 {[%emt 0:00:00][%cal Ba2a4,Ba4a5,Ba5a6][%mdl 32] White is clearly winning.} f5 41. Nc5 {[%emt 0:00:00] aiming for Ne6+.} Kf6 42. Nb3 Ke5 43. a5 Kd5 44. a6 {[%emt 0:00:00] a7 would kill now.} Bb6 45. Bb7+ Kd6 46. Kf3 Kc7 47. Bd5 h6 48. Bf7 g5 49. Be6 {[%emt 0:00:00] Weighted Error Value: White=0.30/Black=0.33} 1-0